 Dungeon Crawl Stone Soup version 0.21.0 (webtiles) character file.

42 theanonym the Gusty (level 3, -1/19 HPs)
             Began as a Deep Elf Air Elementalist on Jan 6, 2018.
             Slain by Terence
             ... wielding a +0 flail
              (3 damage)
             ... on level 2 of the Dungeon.
             The game lasted 00:03:32 (1590 turns).

theanonym the Gusty (Deep Elf Air Elementalist)     Turns: 1590, Time: 00:03:33

Health: -1/19      AC:  2    Str:  5    XL:     3   Next: 33%
Magic:  0/9        EV: 13    Int: 20    God:
Gold:   140        SH:  0    Dex: 15    Spells: 2/8 levels left

rFire    . . .     SeeInvis .   j - +0 dagger
rCold    . . .     Gourm    .   (no shield)
rNeg     . . .     Faith    .   a - +0 robe {0}
rPois    .         Spirit   .   (no helmet)
rElec    .         Reflect  .   (no cloak)
rCorr    .         Harm     .   (no gloves)
MR       .....                  (no boots)
Stlth    ++........             (no amulet)
HPRegen  0.06/turn              (no ring)
MPRegen  0.11/turn              (no ring)

@: no status effects
A: no striking features
a: no special abilities


   Skills:
 - Level 2.4 Dodging
 - Level 2.4 Stealth
 + Level 3.3 Spellcasting
 * Level 2.9 Conjurations
 + Level 3.4 Air Magic


You had 2 spell levels left.
You knew the following spells:

 Your Spells              Type           Power        Failure   Level  Hunger
a - Shock                 Conj/Air       ###.         3%          1    None
b - Static Discharge      Conj/Air       ###.....     11%         3    ###....
s - Swiftness             Chrm/Air       ##......     11%         2    ##.....

Skill      XL: |  1 |
---------------+----+-----
Conjurations   | 2 |  2.9
Dodging        | |  2.4
Stealth        | |  2.4
Spellcasting   | |  3.3
Air Magic      | |  3.4

Action                   || total
-------------------------++-------
Melee: Unarmed           ||    11
       Dagger            ||     3
 Cast: Shock             ||    67
  Eat: Chunk             ||     2
Armor: Robe              ||     6
Dodge: Dodged            ||    14

Inventory:

Hand Weapons
 j - a +0 dagger (weapon)
   (You took it off a kobold on level 1 of the Dungeon)
Armour
 a - a +0 robe (worn) {0}
Jewellery
 n - an uncursed ring of magical power {unknown}
   (You found it on level 2 of the Dungeon)
Scrolls
 c - a scroll of teleportation {unknown}
 f - 3 scrolls of identify {unknown}
 g - a scroll of fear {unknown}
 i - 2 scrolls of amnesia {unknown}
Potions
 d - a potion of ambrosia {unknown}
 h - a potion of curing {unknown}
 k - a potion of flight {unknown}
 m - 2 potions of degeneration {unknown}
Books
 b - a book of Air
Comestibles
 e - 6 rations
 l - a chunk of flesh


You were on level 2 of the Dungeon.
You were not hungry.

You visited 1 branch of the dungeon, and saw 2 of its levels.

You collected 140 gold pieces.

Dungeon Overview and Level Annotations

Branches:
Dungeon (2/15)

Altars:

Annotations:
D:2 Terence

...................##.#
.........#.........##.##
.......................#
......#.............#..#
#+#+# #................#
.. #..........#.#...# .
.......#....#.#...###.#
.......###.@#.#.......#
...... #.@#....######
#.....#...#
#.#..............
#.+.............. #
#..............
#......>.......
#..............
#..............
#..............


You could see Terence.

Notes
Turn   | Place    | Note
-------+----------+-------------------------------------------
     0 | D:1      | theanonym the Deep Elf Air Elementalist began the quest for the Orb.
     0 | D:1      | Reached XP level 1. HP: 10/10 MP: 6/6
   350 | D:1      | Reached skill level 2 in Conjurations
   350 | D:1      | Reached XP level 2. HP: 15/15 MP: 4/8
   388 | D:1      | Learned a level 2 spell: Swiftness
  1209 | D:2      | Reached XP level 3. HP: 19/19 MP: 3/9
  1303 | D:2      | HP: 9/19 [poisoned by an adder]
  1502 | D:2      | Learned a level 3 spell: Static Discharge
  1531 | D:2      | Noticed Terence
  1579 | D:2      | HP: 2/19 [Terence/flail (8)]
  1590 | D:2      | Slain by Terence

Vanquished Creatures
  An adder (D:2)
  2 dart slugs
  A leopard gecko (D:1)
  A giant cockroach (D:2)
  4 goblins
  3 hobgoblins
  4 bats
  4 frilled lizards
  3 kobolds (D:1)
  8 rats
31 creatures vanquished.

Table legend:
 A = Turns spent in this place as a percentage of turns spent in the entire game.
 B = Non-inter-level travel turns spent in this place as a percentage of non-inter-level travel turns spent in the entire game.
 C = Inter-level travel turns spent in this place as a percentage of turns spent in this place.
 D = Turns resting spent in this place as a percentage of non-inter-level travel turns spent in this place.
 E = Turns spent auto-exploring this place as a percentage of non-inter-level travel turns spent in this place.
 F = Non-inter-level travel turns spent in this place divided by the number of levels of this place that you've seen.
                   A       B       C       D       E      F
               +-------+-------+-------+-------+-------+----------------------
         Total | 100.0 | 100.0 |   7.9 |  32.5 |  56.0 | 732.5
       Dungeon | 100.0 | 100.0 |   7.9 |  32.5 |  56.0 | 732.5
               +-------+-------+-------+-------+-------+----------------------
